A+ CENTRAL
GREAT LAKES LOONS @ LAKE COUNTY CAPTAINS
07/04/2041
 
TOP OF THE 1ST
Great Lakes Loons batting - Pitching for Lake County Captains : RHP Curt Blackwell
Pitching: RHP Curt Blackwell
Batting: RHB Stu MacNeill 0-0: Called Strike
0-1: Ball
1-1: Ball
2-1: Foul Ball, location: 2F
2-2: Foul Ball, location: 2F
2-2: Ball
3-2: Foul Ball, location: 3DF
3-2: Foul Ball, location: 3F
3-2: Base on Balls
Batting: RHB Steve Dickerson 0-0: Called Strike
0-1: Bunted foul
0-2: Ball
1-2: Ball
2-2: Foul Ball, location: 7LDF
2-2: Ground out 4-3 (Groundball, 34, EV 108.8 MPH)
Stu MacNeill to second
Batting: LHB Ken Latrobe 0-0: Called Strike
0-1: Called Strike
0-2: Strikes out swinging
Batting: RHB Jim Turner 0-0: Ball
1-0: Called Strike
1-1: Ball
2-1: Foul Ball, location: 5F
2-2: Ball
3-2: Foul Ball, location: 9LMF
3-2: Foul Ball, location: 3DF
3-2: DOUBLE (Flyball, 8RXD, EV 101.9 MPH)
Stu MacNeill scores
Batting: SHB Dave Barker 0-0: Called Strike
0-1: Swinging Strike
0-2: Ball
1-2: Foul Ball, location: 2LF
1-2: Strikes out swinging
Top of the 1st over - 1 run, 1 hit, 0 errors, 1 left on base; Great Lakes 1 - Lake County 0
BOTTOM OF THE 1ST
Lake County Captains batting - Pitching for Great Lakes Loons : RHP Lúcio García
Pitching: RHP Lúcio García
Batting: SHB Jerry Garcia 0-0: DOUBLE (Line Drive, 89D, EV 103.8 MPH)
Batting: RHB Doug Black 0-0: Ball
1-0: Called Strike
1-1: Ground out 4-3 (Groundball, 4, EV 84.4 MPH)
Jerry Garcia to third
Batting: LHB Spike Lehman 0-0: Called Strike
0-1: Ball
1-1: Swinging Strike
1-2: Ball
2-2: Ball
3-2: Base on Balls
Batting: LHB Tim Elliott 0-0: Foul Ball, location: 7LMF
0-1: Called Strike
0-2: Foul Ball, location: 2F
0-2: Ball
1-2: Ball
2-2: Foul Ball, location: 23F
2-2: Strikes out looking
Batting: RHB Albert Rocha 0-0: Called Strike
0-1: Fielders Choice at 2nd, 6-4 (Groundball, 6, EV 91.9 MPH)
Bottom of the 1st over - 0 runs, 1 hit, 0 errors, 2 left on base; Great Lakes 1 - Lake County 0
TOP OF THE 2ND
Great Lakes Loons batting - Pitching for Lake County Captains : RHP Curt Blackwell
Batting: RHB Ty Oswald 0-0: Ball
1-0: Called Strike
1-1: Foul Ball, location: 25FF
1-2: Strikes out swinging
Batting: RHB Eric Pérez 0-0: Foul Ball, location: 2RF
0-1: Swinging Strike
0-2: Ground out 4-3 (Groundball, 4, EV 88.1 MPH)
Batting: RHB Bernardo Raozón 0-0: Called Strike
0-1: Ball
1-1: Foul Ball, location: 9LDF
1-2: Ball
2-2: Ball
3-2: Base on Balls
Batting: RHB Raúl Mercado 0-0: Called Strike
0-1: Foul Ball, location: 9LSF
0-2: Foul Ball, location: 3SF
0-2: Strikes out swinging
Top of the 2nd over - 0 runs, 0 hits, 0 errors, 1 left on base; Great Lakes 1 - Lake County 0
BOTTOM OF THE 2ND
Lake County Captains batting - Pitching for Great Lakes Loons : RHP Lúcio García
Batting: RHB António Trujillo 0-0: Called Strike
0-1: Foul Ball, location: 2F
0-2: Ball
1-2: Foul Ball, location: 2RF
1-2: Ball
2-2: Fly out, F8 (Flyball, 8LM, EV 88.8 MPH)
Batting: RHB Dan White 0-0: Ball
1-0: Ball
2-0: Ball
3-0: Base on Balls
Batting: RHB Randy Burke 0-0: Ball
1-0: Ball
Dan White is caught stealing 2nd base 2-4
2-0: Called Strike
2-1: Ball
3-1: Called Strike
3-2: Foul Ball, location: 2F
3-2: Foul Ball, location: 23F
3-2: SINGLE (Line Drive, 89M, EV 107.5 MPH)
Batting: RHB Iván Mideiros 0-0: Fielders Choice at 2nd, 5-4 (Groundball, 56, EV 103.1 MPH)
Bottom of the 2nd over - 0 runs, 1 hit, 0 errors, 1 left on base; Great Lakes 1 - Lake County 0
TOP OF THE 3RD
Great Lakes Loons batting - Pitching for Lake County Captains : RHP Curt Blackwell
Batting: RHB Stu MacNeill 0-0: Ground out 5-3 (Groundball, 56, EV 90.6 MPH)
Batting: RHB Steve Dickerson 0-0: Called Strike
0-1: Foul Ball, location: 2F
0-2: Foul Ball, location: 5DF
0-2: Ball
1-2: Ball
2-2: Ball
3-2: Foul Ball, location: 23F
3-2: Base on Balls
Batting: LHB Ken Latrobe 0-0: Ball
1-0: Called Strike
1-1: DOUBLE (Line Drive, 8RXD, EV 100.0 MPH)
Steve Dickerson to third
Runner from 3rd tries for Home, SAFE, no throw by CF
Batting: RHB Jim Turner 0-0: Ground out U3 (Groundball, 34, EV 85.6 MPH)
Ken Latrobe to third
Batting: SHB Dave Barker 0-0: Ball
1-0: Called Strike
1-1: Ball
2-1: Called Strike
2-2: Foul Ball, location: 2F
2-2: Foul Ball, location: 2F
2-2: Foul Ball, location: 7LSF
2-2: Ball
3-2: Ground out 4-3 (Groundball, 4, EV 86.3 MPH)
Top of the 3rd over - 1 run, 1 hit, 0 errors, 1 left on base; Great Lakes 2 - Lake County 0
BOTTOM OF THE 3RD
Lake County Captains batting - Pitching for Great Lakes Loons : RHP Lúcio García
Batting: SHB Jerry Garcia 0-0: Fly out, F6 (Line Drive, 6, EV 64.4 MPH)
Batting: RHB Doug Black 0-0: Ball
1-0: Foul Ball, location: 9LDF
1-1: Ball
2-1: DOUBLE (Line Drive, 89D, EV 106.3 MPH)
Batting: LHB Spike Lehman 0-0: Called Strike
0-1: Swinging Strike
0-2: Ball
1-2: Foul Ball, location: 2LF
1-2: Foul Ball, location: 23F
1-2: Foul Ball, location: 7LMF
1-2: Strikes out looking
Batting: LHB Tim Elliott 0-0: Ball
1-0: Ground out 1-3 (Groundball, 13S, EV 65.0 MPH)
Bottom of the 3rd over - 0 runs, 1 hit, 0 errors, 1 left on base; Great Lakes 2 - Lake County 0
TOP OF THE 4TH
Great Lakes Loons batting - Pitching for Lake County Captains : RHP Curt Blackwell
Batting: RHB Ty Oswald 0-0: Called Strike
0-1: Swinging Strike
0-2: Foul Ball, location: 3DF
0-2: Ball
1-2: SINGLE (Groundball, 3D, EV 95.6 MPH)
Batting: RHB Eric Pérez 0-0: Called Strike
0-1: Ball
1-1: Fly out, F9 (Flyball, 9LM, EV 86.3 MPH)
Batting: RHB Bernardo Raozón 0-0: Ball
1-0: Ball
2-0: Called Strike
2-1: Ball
3-1: Called Strike
3-2: Strikes out swinging
Pitching: RHP Ben Lenn
Batting: RHB Raúl Mercado 0-0: Ball
1-0: Swinging Strike
1-1: Ball
2-1: Called Strike
2-2: Strikes out looking
Top of the 4th over - 0 runs, 1 hit, 0 errors, 1 left on base; Great Lakes 2 - Lake County 0
BOTTOM OF THE 4TH
Lake County Captains batting - Pitching for Great Lakes Loons : RHP Lúcio García
Batting: RHB Albert Rocha 0-0: Ball
1-0: Ball
2-0: Ball
3-0: Base on Balls
Batting: RHB António Trujillo 0-0: Ball
1-0: Ball
2-0: Ball
3-0: Base on Balls
Albert Rocha to second
Batting: RHB Dan White 0-0: Ball
1-0: Ball
2-0: Ground out 6-3 (Groundball, 4MS, EV 70.6 MPH)
Albert Rocha to third
António Trujillo to second
Batting: RHB Randy Burke 0-0: Called Strike
0-1: Called Strike
0-2: Ball
1-2: Foul Ball, location: 9LDF
1-2: Ball
2-2: Ball
3-2: Strikes out looking
Batting: RHB Iván Mideiros 0-0: Foul Ball, location: 2F
0-1: Ball
1-1: Ball
2-1: Ball
3-1: Base on Balls
Batting: SHB Jerry Garcia 0-0: Called Strike
0-1: Called Strike
0-2: Strikes out swinging
Bottom of the 4th over - 0 runs, 0 hits, 0 errors, 3 left on base; Great Lakes 2 - Lake County 0
TOP OF THE 5TH
Great Lakes Loons batting - Pitching for Lake County Captains : RHP Ben Lenn
Batting: RHB Stu MacNeill 0-0: Ball
1-0: Swinging Strike
1-1: Ball
2-1: Ball
3-1: Swinging Strike
3-2: Base on Balls
Batting: RHB Steve Dickerson 0-0: Ball
1-0: Ball
2-0: Called Strike
2-1: Foul Ball, location: 25F
2-2: Foul Ball, location: 7LSF
2-2: Ball
3-2: Grounds into double play, 3-6-3 (Groundball, 34, EV 88.8 MPH)
Batting: LHB Ken Latrobe 0-0: Foul Ball, location: 23F
0-1: Foul Ball, location: 7LDF
0-2: Ball
1-2: DOUBLE (Flyball, 89D, EV 109.4 MPH)
Batting: RHB Jim Turner 0-0: Ball
1-0: Foul Ball, location: 25F
1-1: Ball
2-1: Foul Ball, location: 2F
2-2: Strikes out looking
Top of the 5th over - 0 runs, 1 hit, 0 errors, 1 left on base; Great Lakes 2 - Lake County 0
BOTTOM OF THE 5TH
Lake County Captains batting - Pitching for Great Lakes Loons : RHP Lúcio García
Batting: RHB Doug Black 0-0: Called Strike
0-1: Foul Ball, location: 3SF
0-2: Ball
1-2: Ball
2-2: Foul Ball, location: 2F
2-2: Ball
3-2: Base on Balls
Batting: LHB Spike Lehman 0-0: Foul Ball, location: 2F
0-1: Grounds into double play, 1-6-3 (Groundball, P, EV 66.9 MPH)
Batting: LHB Tim Elliott 0-0: Ball
1-0: Called Strike
1-1: Ball
2-1: Ball
3-1: Base on Balls
Pitching: RHP Pepe Villarreal
Batting: RHB Albert Rocha 0-0: Foul Ball, location: 5FF
0-1: Called Strike
0-2: Ground out 4-3 (Groundball, 4, EV 90.0 MPH)
Bottom of the 5th over - 0 runs, 0 hits, 0 errors, 1 left on base; Great Lakes 2 - Lake County 0
TOP OF THE 6TH
Great Lakes Loons batting - Pitching for Lake County Captains : RHP Ben Lenn
Batting: SHB Dave Barker 0-0: Called Strike
0-1: DOUBLE (Line Drive, 3D, EV 94.4 MPH)
Batting: RHB Ty Oswald 0-0: Ball
1-0: Sac Bunt to 15 - play at third, runner OUT! 1-6
Batting: RHB Eric Pérez 0-0: Ball
1-0: DOUBLE (Flyball, 9LD, EV 96.3 MPH)
Ty Oswald to third
Runner from 3rd tries for Home, SAFE, throw by RF to trailing runner, SAFE at third!
Batting: RHB Bernardo Raozón 0-0: Called Strike
0-1: Ball
1-1: Ball
2-1: Fly out, F9 (Flyball, 9, EV 91.9 MPH)
Batting: RHB Raúl Mercado 0-0: Swinging Strike
0-1: Ball
1-1: Ball
2-1: Called Strike
2-2: Strikes out swinging
Top of the 6th over - 1 run, 2 hits, 0 errors, 1 left on base; Great Lakes 3 - Lake County 0
BOTTOM OF THE 6TH
Lake County Captains batting - Pitching for Great Lakes Loons : RHP Pepe Villarreal
Batting: RHB António Trujillo 0-0: Swinging Strike
0-1: Called Strike
0-2: Strikes out swinging
Batting: RHB Dan White 0-0: Ground out 6-3 (Groundball, 6, EV 83.1 MPH)
Batting: RHB Randy Burke 0-0: Foul Ball, location: 2F
0-1: Ball
1-1: Ball
2-1: Ground out 4-3 (Groundball, 4, EV 87.5 MPH)
Bottom of the 6th over - 0 runs, 0 hits, 0 errors, 0 left on base; Great Lakes 3 - Lake County 0
TOP OF THE 7TH
Great Lakes Loons batting - Pitching for Lake County Captains : RHP Ben Lenn
Batting: RHB Stu MacNeill 0-0: Ground out 5-3 (Groundball, 15, EV 82.5 MPH)
Batting: RHB Steve Dickerson 0-0: Called Strike
0-1: Swinging Strike
0-2: Ball
1-2: Foul Ball, location: 9LSF
1-2: Strikes out swinging
Batting: LHB Ken Latrobe 0-0: Ball
1-0: Ball
2-0: Ball
3-0: Base on Balls
Batting: RHB Jim Turner 0-0: Ball
1-0: Ball
2-0: Ball
3-0: Called Strike
3-1: Base on Balls
Ken Latrobe to second
Batting: SHB Dave Barker 0-0: Ball
1-0: Called Strike
1-1: Foul Ball, location: 3F
1-2: Strikes out swinging
Top of the 7th over - 0 runs, 0 hits, 0 errors, 2 left on base; Great Lakes 3 - Lake County 0
BOTTOM OF THE 7TH
Lake County Captains batting - Pitching for Great Lakes Loons : RHP Pepe Villarreal
Batting: RHB Iván Mideiros 0-0: Called Strike
0-1: Called Strike
0-2: Strikes out swinging
Batting: SHB Jerry Garcia 0-0: Called Strike
0-1: Ball
1-1: Ball
2-1: Foul Ball, location: 5FF
2-2: Strikes out looking
Batting: RHB Doug Black 0-0: Called Strike
0-1: Ball
1-1: Fly out, F3 (Popup, 3SF, EV 78.8 MPH)
Bottom of the 7th over - 0 runs, 0 hits, 0 errors, 0 left on base; Great Lakes 3 - Lake County 0
TOP OF THE 8TH
Great Lakes Loons batting - Pitching for Lake County Captains : RHP Ben Lenn
Batting: SHB Brad Smith 0-0: Ball
1-0: Called Strike
1-1: Swinging Strike
1-2: Ball
2-2: Strikes out swinging
Batting: RHB Eric Pérez 0-0: Ball
1-0: Foul Ball, location: 2F
1-1: Ball
2-1: DOUBLE (Line Drive, 9LS, EV 104.4 MPH)
Pitching: RHP Juan Colón
Batting: RHB Bernardo Raozón 0-0: Ball
1-0: Ball
2-0: Ball
3-0: Called Strike
3-1: Foul Ball, location: 2F
3-2: Strikes out swinging
Batting: RHB Raúl Mercado 0-0: Ball
1-0: Ball
2-0: Ball
Wild Pitch!
Eric Pérez to third
3-0: Base on Balls
Batting: RHB Stu MacNeill 0-0: Foul Ball, location: 2F
0-1: Swinging Strike
0-2: Ball
1-2: SINGLE (Groundball, 6MD, EV 98.1 MPH)
Eric Pérez scores
Raúl Mercado to second
Runner from 2nd tries for 3rd, OUT! 8-5
Top of the 8th over - 1 run, 2 hits, 0 errors, 1 left on base; Great Lakes 4 - Lake County 0
BOTTOM OF THE 8TH
Lake County Captains batting - Pitching for Great Lakes Loons : RHP Pepe Villarreal
Batting: LHB Spike Lehman 0-0: Ball
1-0: Swinging Strike
1-1: Called Strike
1-2: Strikes out swinging
Batting: LHB Tim Elliott 0-0: Ball
1-0: Fly out, F2 (Popup, 3SF, EV 87.5 MPH)
Batting: RHB Albert Rocha 0-0: Ball
1-0: SOLO HOME RUN (Line Drive, 7LD, EV 98.8 MPH), Distance : 380 ft
Batting: RHB António Trujillo 0-0: Ball
1-0: Called Strike
1-1: Swinging Strike
1-2: Foul Ball, location: 9LMF
1-2: Foul Ball, location: 2F
1-2: Strikes out swinging
Bottom of the 8th over - 1 run, 1 hit, 0 errors, 0 left on base; Great Lakes 4 - Lake County 1
TOP OF THE 9TH
Great Lakes Loons batting - Pitching for Lake County Captains : RHP Juan Colón
Pitching: RHP Mario Pérez
Batting: RHB Steve Dickerson 0-0: Foul Ball, location: 5FF
0-1: Swinging Strike
0-2: Strikes out swinging
Batting: LHB Ken Latrobe 0-0: Called Strike
0-1: Swinging Strike
0-2: Strikes out swinging
Batting: RHB Jim Turner 0-0: Called Strike
0-1: Foul Ball, location: 2F
0-2: Foul Ball, location: 5DF
0-2: Ball
1-2: SOLO HOME RUN (Flyball, 7D, EV 98.8 MPH), Distance : 388 ft
Batting: SHB Dave Barker 0-0: Foul Ball, location: 2LF
0-1: Ball
1-1: Foul Ball, location: 25F
1-2: Foul Ball, location: 2F
1-2: Ball
2-2: Foul Ball, location: 5F
2-2: Strikes out swinging
Top of the 9th over - 1 run, 1 hit, 0 errors, 0 left on base; Great Lakes 5 - Lake County 1
BOTTOM OF THE 9TH
Lake County Captains batting - Pitching for Great Lakes Loons : RHP Pepe Villarreal
Batting: RHB Dan White 0-0: Called Strike
0-1: Fly out, F4 (Popup, 4D, EV 58.8 MPH)
Pinch Hitting: LHB Nate Wise 0-0: Ball
1-0: Called Strike
1-1: Foul Ball, location: 2LF
1-2: Fly out, F8 (Flyball, 8RD, EV 97.5 MPH)
Pinch Hitting: LHB Jim McNeal 0-0: Ball
1-0: Foul Ball, location: 2F
1-1: Foul Ball, location: 2LF
1-2: Ground out 6-3 (Groundball, 6M, EV 102.5 MPH)
Bottom of the 9th over - 0 runs, 0 hits, 0 errors, 0 left on base; Great Lakes 5 - Lake County 1
Monday, April 1st , 2024 - OOTP Baseball 24.10 Build 82